Map: Fear and Faith LE

Players

Kwispy - Winner!

  • Race: Terran Terran
  • League: Bronze

starslave

  • Race: Terran Terran
  • League: Bronze

VOD

Have the link to the VOD?

Description

Time

  • Played on: Nov. 8, 2026, 8:11 p.m.
  • Length: 20:46
Show
View Real Time Build Order
Export as new Build Order

Kwispy Terran - Winner!

Build Orders: Mech 

Get SALT Encoding   

  12  0:00  SCV  
  13  0:13  SCV  
  14  0:17  Supply Depot  
  14  0:25  SCV  
  15  0:48  Barracks  
  15  0:49  SCV  
  16  0:52  Refinery  
  16  1:01  SCV  
  17  1:13  SCV  
  18  1:25  SCV  
  19  1:39  Orbital Command  
  19  1:46  Command Center  
  19  1:53  Barracks Tech Lab  
  19  2:03  Refinery  
  19  2:08  Factory  
  19  2:10  SCV  
  20  2:17  Marine  
  21  2:24  SCV  
  22  2:35  Marine  
  23  2:47  Supply Depot  
  23  2:58  SCV  
  24  3:09  Supply Depot, Orbital Command  
  24  3:12  SCV  
  25  3:23  Siege Tank  
  25  3:24  SCV  
  29  3:29  Barracks Reactor  
  29  3:36  Supply Depot  
  29  3:39  SCV  
  29  3:40  SCV  
  31  3:53  Factory  
  31  3:55  Siege Tank  
  31  3:56  SCV x2  
  36  4:03  Supply Depot  
  36  4:17  Marine  
  36  4:18  Marine  
  36  4:21  SCV x2  
  40  4:27  Siege Tank  
  43  4:32  Command Center  
  43  4:40  Supply Depot  
  43  4:45  Refinery  
  43  4:52  Armory  
  43  4:53  Engineering Bay  
  43  4:59  SCV  
  44  5:00  SCV  
  44  5:03  Supply Depot  
  44  5:06  Siege Tank  
  48  5:23  SCV  
  48  5:24  SCV  
  48  5:25  Factory  
  50  5:36  SCV x2  
  50  5:39  Supply Depot  
  50  5:41  Supply Depot  
  52  5:49  SCV  
  53  5:50  SCV  
  53  5:52  Siege Tank  
  57  5:58  Hellion  
  57  5:59  Hellion  
  57  6:02  SCV x2  
  63  6:23  Factory Tech Lab  
  63  6:24  Thor  
  69  6:29  Hellion x2  
  69  6:30  SCV x2  
  75  6:50  Refinery  
  75  6:51  SCV x2  
  75  6:52  Planetary Fortress  
  77  7:01  Terran Vehicle Weapons Level 1  
  77  7:07  Thor  
  83  7:10  Missile Turret  
  83  7:13  Missile Turret  
  83  7:17  Hellion x2  
  87  7:23  SCV x2  
  87  7:26  Thor  
  95  7:34  SCV  
  96  7:38  Hellion x2  
  100  7:45  SCV x2  
  100  7:50  Siege Tank  
  105  7:54  SCV  
  105  7:57  SCV x2  
  108  8:00  Hellion x2  
  108  8:02  Supply Depot  
  108  8:03  Supply Depot  
  112  8:09  Siege Tank  
  115  8:14  SCV x2  
  117  8:23  SCV  
  117  8:25  Supply Depot  
  118  8:32  Thor  
  118  8:34  Hellion x2  
  128  8:48  Supply Depot  
  128  8:52  Factory  
  128  8:56  Supply Depot  
  128  8:58  Supply Depot, SCV  
  128  8:59  SCV x2  
  128  9:00  Thor  
  141  9:02  Hellion  
  141  9:03  Hellion  
  141  9:06  Terran Vehicle Weapons Level 2  
  141  9:14  Armory  
  141  9:15  Siege Tank  
  144  9:22  Supply Depot  
  144  9:23  SCV  
  144  9:24  SCV x2  
  146  9:27  Supply Depot  
  146  9:30  Hellion x2  
  151  9:45  SCV x3  
  154  9:56  Thor x2  
  154  9:57  Hellion  
  168  10:00  SCV  
  168  10:01  SCV  
  168  10:03  SCV  
  171  10:23  Hellion  
  171  10:27  Refinery  
  173  10:30  Refinery  
  173  10:39  Thor  
  179  10:42  Command Center  
  179  10:47  Supply Depot  
  179  10:49  Supply Depot  
  179  10:50  SCV x2  
  181  11:10  Thor  
  163  11:25  SCV  
  155  11:26  SCV  
  155  11:31  Thor  
  155  11:32  Hellion x2  
  162  11:37  SCV  
  162  11:38  SCV  
  164  11:42  Command Center  
  164  11:53  Thor  
  164  11:54  Hellion x2, SCV x2  
  176  12:08  SCV x2  
  178  12:14  Thor  
  184  12:17  Refinery  
  184  12:18  Refinery  
  184  12:27  Supply Depot  
  184  12:28  Supply Depot  
  184  12:29  Hellion x2  
  188  12:30  Supply Depot  
  188  12:34  Factory Tech Lab  
  172  12:51  Hellion x2  
  172  12:52  Thor  
  172  12:56  Thor  
  186  12:59  SCV x2  
  186  13:05  Planetary Fortress  
  188  13:07  Planetary Fortress  
  188  13:11  Refinery  
  188  13:13  SCV x2  
  188  13:17  Hellion x2  
  194  13:29  Terran Vehicle Weapons Level 3  
  194  13:37  Supply Depot, Thor  
  200  14:10  Factory  
  200  14:11  Factory  
  199  15:00  Hellion  
  193  15:53  SCV x2  
  195  16:06  Terran Vehicle And Ship Armor Level 1  
  180  16:21  Hellion x2  
  180  16:22  Thor  
  180  16:23  Thor  
  196  16:35  SCV  
  197  16:43  SCV  
  184  17:00  SCV x2  
  147  17:22  Hellion  
  151  17:23  Hellion  
  133  17:45  SCV x2  
  121  18:02  SCV x2  
  123  18:12  Hellion x2  
  127  18:34  Thor  
  127  18:35  Command Center, Hellion  
  127  18:36  Hellion  
  127  18:40  Command Center  
  137  18:50  Command Center  
  137  19:17  Cyclone  
  137  19:18  Hellion x2  
  144  19:29  Starport  
  139  19:49  Cyclone  
  132  19:57  Hellion  
  132  19:58  Hellion  
  136  20:09  Refinery  
  136  20:23  SCV  
  136  20:24  SCV  
  136  20:26  SCV  
Show
View Real Time Build Order
Export as new Build Order

starslave Terran 

Build Orders:  

Get SALT Encoding   

  12  0:00  SCV  
  13  0:12  SCV  
  14  0:21  Supply Depot  
  14  0:25  SCV  
  15  0:43  SCV  
  15  0:45  Barracks  
  16  0:54  Refinery  
  16  0:55  SCV  
  17  1:07  SCV  
  18  1:19  SCV  
  18  1:24  Supply Depot  
  19  1:31  SCV  
  20  1:43  SCV  
  20  1:44  Marine  
  21  1:52  Supply Depot  
  21  1:55  SCV  
  21  1:59  Barracks  
  22  2:06  Marine  
  23  2:14  SCV  
  24  2:26  SCV  
  25  2:33  Command Center  
  25  2:43  SCV  
  26  2:47  Barracks Tech Lab  
  26  2:49  Marine  
  27  2:55  SCV  
  28  3:02  Refinery  
  28  3:07  Marine  
  29  3:25  Orbital Command  
  29  3:27  Combat Shield, Marauder  
  30  3:45  Orbital Command  
  29  3:50  Marine x2  
  31  3:56  SCV  
  32  4:05  Factory  
  32  4:08  SCV  
  32  4:09  Marine, Marauder  
  36  4:19  SCV, Barracks  
  37  4:27  Marine  
  37  4:29  SCV  
  37  4:30  Marine  
  40  4:41  SCV  
  40  4:42  SCV  
  40  4:43  Barracks  
  42  4:46  Concussive Shells  
  42  4:49  Marine  
  42  4:50  Marine  
  42  4:51  Bunker  
  44  4:53  SCV  
  44  4:54  SCV  
  44  4:56  Factory Tech Lab  
  46  5:05  SCV  
  46  5:07  SCV, Marine  
  48  5:08  Marauder  
  48  5:09  Barracks Reactor  
  51  5:15  Supply Depot  
  51  5:17  Supply Depot, SCV  
  51  5:19  SCV  
  53  5:24  Engineering Bay  
  53  5:30  Starport  
  53  5:33  Marine  
  54  5:37  SCV x2, Siege Tank  
  59  5:49  SCV x2  
  61  5:55  Marine x2  
  65  5:57  Marauder, Barracks Tech Lab  
  65  5:58  Barracks Reactor  
  65  6:01  SCV x2  
  67  6:09  Siege Tank  
  70  6:14  Missile Turret  
  70  6:23  Starport Tech Lab  
  70  6:30  Starport, Refinery  
  70  6:34  Refinery  
  70  6:39  Supply Depot  
  70  6:45  Supply Depot  
  70  7:01  Marine x6, SCV x2  
  78  7:06  Banshee  
  78  7:08  Supply Depot, Starport Tech Lab  
  81  7:11  Supply Depot  
  81  7:13  SCV x2  
  83  7:19  Marauder  
  85  7:25  SCV  
  85  7:27  Supply Depot  
  85  7:29  SCV, Banshee  
  89  7:30  Marauder  
  92  7:41  SCV  
  92  7:44  Siege Tank  
  96  7:49  Banshee  
  96  7:51  Marauder  
  101  7:54  Marine x2  
  101  7:55  Marine x3  
  106  8:04  SCV  
  107  8:12  Marauder  
  109  8:16  SCV  
  110  8:24  Supply Depot  
  110  8:26  Banshee  
  110  8:27  SCV  
  114  8:28  SCV  
  114  8:32  Liberator  
  118  8:39  SCV  
  119  8:43  Barracks  
  119  8:46  Terran Infantry Weapons Level 1, Command Center  
  119  8:51  Armory  
  119  8:57  Siege Tank  
  122  9:06  Stimpack  
  122  9:09  Medivac  
  124  9:15  Banshee  
  127  9:18  SCV x2  
  129  9:30  SCV  
  130  9:39  Viking  
  130  9:42  SCV x2  
  133  9:53  Marine  
  133  9:56  Terran Vehicle And Ship Armor Level 1  
  133  9:57  Marine x3  
  133  9:58  Marine x2, Viking, SCV  
  142  10:07  Barracks Reactor  
  142  10:09  Viking  
  142  10:11  Marine  
  145  10:15  Marine  
  145  10:20  Siege Tank  
  149  10:35  Orbital Command  
  149  10:49  Supply Depot  
  149  10:51  Supply Depot  
  149  11:04  Marine, Viking  
  149  11:06  Marauder, SCV  
  149  11:07  Marine x3, SCV, Marauder  
  149  11:10  Banshee  
  149  11:11  Cloaking Field  
  149  11:18  SCV  
  121  11:19  SCV  
  121  11:22  Marine  
  121  11:24  Marine x2  
  121  11:25  Marine  
  103  11:27  Marine  
  103  11:28  Marine  
  103  11:30  SCV  
  93  11:34  Medivac  
  93  11:39  Marine  
  90  11:42  Siege Tank  
  94  11:53  Viking  
  96  11:55  Refinery  
  96  11:59  Refinery  
  96  12:04  Medivac  
  98  12:10  Marine  
  98  12:11  Marine x5  
  98  12:15  Sensor Tower  
  104  12:17  Command Center  
  104  12:23  Medivac  
  104  12:26  Barracks x2  
  104  12:28  Barracks, Marine  
  104  12:29  Marine x3  
  108  12:30  Marine x2  
  108  12:32  Terran Infantry Armor Level 1  
  108  12:34  Banshee, Terran Ship Weapons Level 1  
  115  12:39  Engineering Bay  
  115  12:46  Marine  
  115  12:47  Marine x2  
  113  12:53  Viking  
  113  12:58  SCV x3  
  100  12:59  Marine x3  
  100  13:04  Marine  
  100  13:05  Marine x2  
  104  13:09  Missile Turret  
  104  13:10  SCV x2, Command Center  
  106  13:17  Medivac  
  111  13:20  Bunker, Siege Tank  
  111  13:23  Banshee  
  114  13:29  Marine x2  
  114  13:30  Marine x5  
  114  13:31  Marine x2  
  123  13:46  Banshee  
  123  13:47  SCV, Marine x3  
  123  13:48  Marine x5  
  132  13:52  Marine  
  136  13:59  SCV, Starport  
  137  14:05  Marine x3  
  137  14:06  Marine, Banshee  
  137  14:07  Starport  
  137  14:09  SCV  
  146  14:10  SCV  
  146  14:11  Marine x4, SCV  
  146  14:12  Marine  
  152  14:20  Marine x2  
  152  14:23  Marine x4  
  158  14:26  Terran Infantry Weapons Level 2  
  158  14:29  Marine, Banshee  
  162  14:37  Siege Tank  
  163  14:44  SCV  
  162  14:46  Medivac  
  162  14:48  Medivac x2  
  154  14:53  Marine x3  
  154  14:54  Marine x6  
  154  14:55  Marine x2  
  154  14:57  SCV  
  113  15:11  Marine x3  
  113  15:12  Viking  
  117  15:16  Medivac  
  117  15:18  Banshee  
  117  15:29  Marine x6  
  117  15:30  Marine x5  
  128  15:38  Thor  
  135  15:42  Raven  
  135  15:43  Factory  
  135  15:46  Marine  
  135  15:47  Marine x2  
  135  15:48  Marine x6  
  135  15:49  Marine x2  
  130  15:59  SCV  
  111  16:05  SCV x2  
  111  16:06  Marine x3  
  111  16:07  Marine x3  
  113  16:11  SCV  
  113  16:13  Command Center  
  113  16:17  SCV x2  
  116  16:29  SCV  
  105  16:41  SCV  
  105  16:42  Marine  
  105  16:43  Marine x6  
  101  16:59  Marine  
  101  17:00  Marine  
  91  17:11  SCV  
  88  17:17  Orbital Command  
  83  17:23  SCV  
  83  17:25  Marine x2  
  73  17:40  Marine x2  
  61  17:47  SCV  
  60  17:57  Marine x2  
  47  18:05  SCV  
  47  18:08  Banshee  
  47  18:09  Banshee  
  47  18:11  Marine x4  
  59  18:20  SCV  
  60  18:32  SCV  
  54  18:39  Marine x5  
  54  18:40  Marine x3  
  60  18:44  SCV  
  61  18:51  Medivac  
  61  18:52  Banshee  
  63  18:56  SCV  
  63  18:57  Marine x4  
  68  19:07  Marine x4  
  72  19:16  Reaper  
  72  19:18  Marine x2  
  72  19:19  Marine  
  72  19:21  Banshee  
  79  19:24  Marine  
  79  19:25  Marine, Marauder  
  79  19:26  Marauder  
  85  19:35  Banshee  
  85  19:36  Marine x3  
  91  19:41  SCV  
  91  19:42  Marine x2  
  84  19:53  SCV  
  84  19:55  Marine x4  
  92  20:11  Marine x4  
  92  20:13  Marine  
Tags
 
Composition
Mech
Matchup
TvT
Race
Terran
Add a new tag
Caveats
  • Supply blocks, unpowered buildings, or Contaminate may cause inaccurate times.
  • Supply counts are checked every 10 seconds.